 Dungeon Crawl Stone Soup version 0.31-a0-460-g9e667d4245 (webtiles) character file.

Game seed: 16377866093848218174

5736 motkuripzs the Spear-Bearer (level 10, -1/82 HPs)
             Began as a Merfolk Gladiator on Aug 4, 2023.
             Was the Champion of Uskayaw.
             Slain by a sleepcap (8 damage)
             ... on level 8 of the Dungeon.
             The game lasted 00:19:30 (8297 turns).

motkuripzs the Spear-Bearer (Merfolk Gladiator)     Turns: 8297, Time: 00:19:30

Health: -1/82      AC: -9    Str: 17    XL:     10   Next: 77%
Magic:  21/21      EV: 18    Int:  7    God:    Uskayaw [******]
Gold:   368        SH:  0    Dex: 18    Spells: 9/9 levels left

rFire   . . .        M - +0 scythe (pain)
rCold   + . .        (shield currently unavailable)
rNeg    . . .        L - +2 leather armour {rC+}
rPois   .            P - +0 helmet
rElec   .            v - scarf {+Inv}
rCorr   .            G - +0 pair of gloves
SInv    .            Q - +2 pair of boots
Will    .....        t - amulet of the acrobat
Stlth   +            i - ring of magical power
HPRegen 0.33/turn    (no ring)
MPRegen 0.17/turn

%: acrobat
@: corroded
A: (nimble swimmer 2), mertail
a: Renounce Religion, Evoke Invisibility, Stomp, Line Pass, Grand Finale


You were on level 8 of the Dungeon.
You worshipped Uskayaw.
Uskayaw was noncommittal.
You visited 2 branches of the dungeon, and saw 9 of its levels.
You also visited: Ossuary.

You collected 368 gold pieces.

Inventory:

Hand Weapons
 a - a +0 trident
 l - a +0 spear
 r - a +0 glaive
 F - the +6 rapier of Eternal War {drain, rN+ Str+3 Int-5}
   (You found it on level 5 of the Dungeon)

   Str:       It affects your strength (+3).
   Int:       It affects your intelligence (-5).
   rN:        It protects you from negative energy.
 M - a +0 scythe of pain (weapon)
Missiles
 f - 4 boomerangs (quivered)
 o - a javelin
 C - 8 poisoned darts
 I - a throwing net
Armour
 b - a +0 leather armour
 c - a +0 helmet
 m - a scarf of harm
 p - a +2 robe
 u - a +0 ring mail
 v - a scarf of invisibility (worn)
 G - a +0 pair of gloves (worn)
 L - a +2 leather armour of cold resistance (worn)
 O - +0 steam dragon scales
 P - a +0 helmet (worn)
 Q - a +2 pair of boots (worn)
Jewellery
 i - a ring of magical power (left hand)
 t - an amulet of the acrobat (around neck)
 R - an amulet of regeneration
 V - a ring of positive energy
Wands
 y - a wand of paralysis (14)
 K - a wand of flame (6)
Scrolls
 j - 2 scrolls of fog
 k - 6 scrolls of teleportation
 n - 3 scrolls of amnesia
 z - a scroll of revelation {unknown}
 B - 3 scrolls of enchant armour
 E - a scroll of summoning {unknown}
 H - a scroll of torment {unknown}
 J - a scroll of noise {unknown}
 N - 3 scrolls of blinking {unknown}
 S - a scroll of acquirement {unknown}
 T - a scroll of vulnerability {unknown}
 U - a scroll of brand weapon {unknown}
 X - a scroll of enchant weapon {unknown}
Potions
 d - a potion of invisibility {unknown}
 e - a potion of enlightenment {unknown}
 g - 2 potions of heal wounds
 h - 6 potions of brilliance {unknown}
 q - 3 potions of lignification
 s - a potion of haste {unknown}
 w - 5 potions of curing
 x - a potion of resistance {unknown}
 A - 2 potions of ambrosia
 D - a potion of might {unknown}
 W - a potion of mutation {unknown}
 Y - a potion of attraction {unknown}


   Skills:
 + Level 8.6 Fighting
 * Level 14.4 Polearms
 - Level 2.0 Throwing
 - Level 2.0 Armour
 + Level 10.7 Dodging
 * Level 2.9 Invocations


You had 9 spell levels left.
You didn't know any spells.
Your spell library contained the following spells:

 Spells                   Type           Power      Damage    Failure   Level
 Kiss of Death            Conj/Necr      0%         2d5       50%         1
 Magic Dart               Conj           0%         1d3       50%         1
 Slow                     Hex            0%         N/A       50%         1
 Summon Small Mammal      Summ           0%         N/A       50%         1
 Call Imp                 Summ           0%         N/A       63%         2
 Call Canine Familiar     Summ           0%         N/A       86%         3
 Confusing Touch          Hex            0%         N/A       86%         3
 Mephitic Cloud           Conj/Pois/Air  0%         N/A       86%         3
 Summon Guardian Golem    Hex/Summ       0%         N/A       86%         3
 Vampiric Draining        Necr           0%         2d6       86%         3
 Cause Fear               Hex            0%         N/A       99%         4
 Dispel Undead            Necr           0%         3d6       99%         4
 Fireball                 Conj/Fire      0%         3d3       100%        5
 Dragon's Call            Summ           0%         N/A       100%        9


Dungeon Overview and Level Annotations

Branches:
Dungeon (8/15)             Temple (1/1) D:6            Lair (0/5) D:8
Ossuary (visited)

Altars:
Cheibriados
Dithmenos
Elyvilon
Fedhas
Gozag
Hepliaklqana
Kikubaaqudgha
Makhleb
Nemelex Xobeh
Okawaru
Qazlal
Ru
Sif Muna
Trog
Uskayaw
Vehumet
Wu Jian
Xom
Yredelemnul
Zin
The Shining One

Annotations:
D:1 exclusion: downstairs


Innate Abilities, Weirdness & Mutations

((You are very nimble when in or above water. (Stealth+, EV+, Speed+++)))
Your lower body shifts to a powerful aquatic tail in water.


Message History

You barely miss the kobold demonologist.
The kobold demonologist is almost dead.
The kobold demonologist hits you with a +0 dagger.
The sleepcap releases spores at you!
You are engulfed in a cloud of soporific spores!
You fall asleep.
The rust devil hits you!
You wake up.
The rust devil corrodes you!
You closely miss the kobold demonologist.
The kobold demonologist is almost dead.
The iron imp closely misses you. The sleepcap misses you.
The kobold demonologist begins to cast a cantrip, but forgets the words!
Unknown command.
You hit the kobold demonologist but do no damage.
The kobold demonologist is almost dead.
The rust devil hits you!
* * * LOW HITPOINT WARNING * * *
The rust devil corrodes you!
Unknown command.
Aiming: Throw Flame
Press: ? - help, Shift-Dir - straight line, f/p - kobold demonologist
Aim: a kobold demonologist, wielding a +0 dagger and wearing a +0 robe (almost dead, 56% to hit)
Okay, then.
You hit the kobold demonologist but do no damage.
The kobold demonologist is almost dead.
The kobold demonologist misses you. The sleepcap completely misses you.
The iron imp completely misses you. The rust devil barely misses you.
You closely miss the kobold demonologist.
The kobold demonologist is almost dead.
The kobold demonologist closely misses you.
The sleepcap releases spores at you.
* * * LOW HITPOINT WARNING * * *
The rust devil hits you!
* * * LOW HITPOINT WARNING * * *
The rust devil corrodes you!
You hit the kobold demonologist but do no damage.
The kobold demonologist is almost dead.
The iron imp hits you.
* * * LOW HITPOINT WARNING * * *
The sleepcap releases spores at you!
You die...

#.#.♣♣ #.♣♣♣♣♣...♣♣♣♣♣. ♣♣.♣♣#..
#.#♣.♣♣ #............... ♣...♣#..
#.#♣♣.♣♣########)####### ♣♣.♣♣#..
#.# ♣♣.♣ ♣♣.♣♣#...#♣♣.♣♣#♣...♣#..
#.#♣♣.♣♣♣♣†♣.♣♣...♣♣...♣♣.~~~.#..
......♣...♣♣♣.'<8>'.......~~~....
#.#.)⌠♣.♣♣.♣.♣♣...♣♣...♣♣.~~).#.#
#.#)♣♣♣.#♣♣.♣♣#5.4#♣♣.♣♣#♣...♣#.#
#.#.♣♣.♣# ### ##@## ### ♣♣.♣♣#◎#
#.#♣..♣♣ ♣.4fK...♣ ♣...♣#.#
#.#♣♣.♣♣ ♣.♣.♣.♣.♣ ♣♣.♣♣#.# #.#
♣♣.♣ ♣ ♣. .♣ ♣ ♣...♣#.# ..# ♣.♣♣
♣. .♣ ♣♣.♣♣#.# ..# ### ♣. .♣ ###
#.# ### ## ## ### #.# # #.# #.#
#.# #.#


You could see 2 rust devils, a kobold demonologist, a sleepcap and an iron imp
(summoned).

Vanquished Creatures
  A manticore (D:8)
  A meliai (D:8)
  A troll (D:5)
  Sigmund (D:5)
  A wyvern (D:8)
  2 yaks (D:8)
  A steam dragon (D:6)
  A golden eye (shapeshifter) (D:8)
  2 vampire mosquitoes (D:8)
  Menkaure (D:5)
  2 water moccasins
  A sky beast (D:8)
  An orc warrior (D:8)
  3 ice beasts
  6 black bears
  2 centaurs
  An ogre (D:5)
  A phantom (D:4)
  Blork the orc (D:5)
  3 bullfrogs
  4 elf zombies (Ossuary)
  2 scorpions
  2 wights (D:8)
  3 killer bees (D:7)
  2 howler monkeys (D:8)
  4 centaur zombies (Ossuary)
  4 human zombies (Ossuary)
  7 hounds
  A gnoll bouda (D:5)
  An orc priest (D:8)
  2 jellies
  2 sleepcaps (D:8)
  Terence (D:2)
  Jessica (D:2)
  5 iguanas
  Ijyb (D:5)
  6 orc wizards
  3 mummies (Ossuary)
  8 adders
  4 gnolls (D:5)
  A shadow imp (D:5)
  3 white imps
  A dart slug (D:4)
  17 orcs
  4 ball pythons
  An endoplasm (D:1)
  2 giant cockroaches (D:4)
  6 goblins
  4 hobgoblins
  4 jackals (D:4)
  6 kobolds
  A quokka (D:1)
  5 bats
  A frilled lizard (D:3)
  2 rats
154 creatures vanquished.

Vanquished Creatures (others)
  An orc wizard (D:8)
1 creature vanquished.

Grand Total: 155 creatures vanquished

Notes
Turn   | Place    | Note
-------+----------+-------------------------------------------
     0 | D:1      | motkuripzs the Merfolk Gladiator began the quest for the
                  | Orb.
     0 | D:1      | Reached XP level 1. HP: 16/16 MP: 1/1
   164 | D:1      | Reached XP level 2. HP: 23/23 MP: 2/2
   735 | D:2      | Noticed Terence
   829 | D:2      | Reached XP level 3. HP: 28/28 MP: 3/3
   906 | D:2      | Noticed Jessica
   915 | D:2      | Killed Jessica
   916 | D:2      | Reached skill level 5 in Polearms
   953 | D:2      | Killed Terence
   954 | D:2      | Reached XP level 4. HP: 22/35 MP: 4/4
  2327 | D:4      | Reached skill level 5 in Dodging
  2329 | D:4      | Noticed a phantom
  2418 | D:4      | Noticed a black bear
  2461 | D:4      | Reached XP level 5. HP: 29/41 MP: 5/5
  2463 | D:4      | Reached skill level 6 in Polearms
  2550 | D:4      | Found a sand-covered staircase.
  2558 | Ossuary  | Entered an ossuary
  2608 | Ossuary  | Reached XP level 6. HP: 31/48 MP: 6/6
  2632 | Ossuary  | Reached skill level 7 in Polearms
  2792 | Ossuary  | Reached XP level 7. HP: 52/55 MP: 7/7
  2843 | Ossuary  | Reached skill level 8 in Polearms
  3049 | D:4      | Reached skill level 5 in Fighting
  3237 | D:4      | Reached skill level 9 in Polearms
  3390 | D:4      | Reached XP level 8. HP: 41/62 MP: 8/8
  4227 | D:5      | Entered Level 5 of the Dungeon
  4333 | D:5      | Noticed Menkaure
  4340 | D:5      | Killed Menkaure
  4412 | D:5      | Identified the +6 rapier of Eternal War {drain, rN+ Str+3
                  | Int-5}
  4586 | D:5      | Noticed a troll
  4600 | D:5      | Killed a troll
  4601 | D:5      | Reached skill level 10 in Polearms
  4797 | D:5      | Noticed Blork the orc
  5085 | D:5      | Killed Blork the orc
  5086 | D:5      | Reached skill level 11 in Polearms
  5086 | D:5      | Reached XP level 9. HP: 71/71 MP: 9/9
  5472 | D:5      | Found a shimmering blue altar of Sif Muna.
  5523 | D:5      | Noticed Ijyb
  5554 | D:5      | Killed Ijyb
  5627 | D:5      | Noticed Sigmund
  5635 | D:5      | Killed Sigmund
  5911 | D:6      | Reached skill level 12 in Polearms
  6080 | D:6      | Reached skill level 1 in Armour
  6494 | D:6      | Found a staircase to the Ecumenical Temple.
  6503 | Temple   | Entered the Ecumenical Temple
  6524 | Temple   | Became a worshipper of Uskayaw the Reveller
  6723 | D:7      | Reached * piety under Uskayaw
  6802 | D:7      | Reached ** piety under Uskayaw
  6805 | D:7      | Reached *** piety under Uskayaw
  6806 | D:7      | Reached **** piety under Uskayaw
  6943 | D:7      | Found a glowing silver altar of Zin.
  7439 | D:8      | Found a blossoming altar of Fedhas.
  7448 | D:8      | Reached skill level 13 in Polearms
  7448 | D:8      | Reached XP level 10. HP: 73/80 MP: 10/10
  7545 | D:8      | Found a staircase to the Lair.
  7672 | D:8      | Reached skill level 10 in Dodging
  7704 | D:8      | Reached ***** piety under Uskayaw
  7728 | D:8      | Reached ****** piety under Uskayaw
  7923 | D:8      | Reached skill level 14 in Polearms
  7994 | D:8      | Reached skill level 1 in Invocations
  8251 | D:8      | Noticed a manticore
  8270 | D:8      | Killed a manticore
  8278 | D:8      | Noticed a kobold demonologist
  8285 | D:8      | Noticed a rust devil
  8290 | D:8      | Noticed a rust devil
  8297 | D:8      | Slain by a sleepcap

Illustrated notes

Levels and vault maps discovered:
D:1:      dpeg_arrival_erosion, layout_basic, chequers_arboretum
D:2:      layout_basic, minmay_misc_feat_doors, uniq_jessica, uniq_terence
D:3:      layout_basic
D:4:      layout_layer_cave, nicolae_ossuary_entry_false_entrances
D:5:      minmay_inner_zag, layout_basic, nicolae_sif_muna_little_library,
          portal_sewer_entry_e, roderic_lattice_a, uniq_sigmund,
          uniq_blork_the_orc, uniq_menkaure, uniq_ijyb
D:6:      layout_basic, temple_fountains, kennysheep_another_room
D:7:      layout_loops_ring, mainiacjoe_overflow_24_doors
D:8:      nzn_winding_woodlands_stair_cross [nzn_winding_woodlands_5x15_crooked,
          nzn_winding_woodlands_center_pierced_h,
          nzn_winding_woodlands_5x15_sidewinder,
          nzn_winding_woodlands_5x5_closed_star,
          nzn_winding_woodlands_5x5_default,
          nzn_winding_woodlands_5x15_concentric,
          nzn_winding_woodlands_center_garden, nzn_winding_woodlands_5x15_pool],
          layout_loops_ring, mainiacjoe_overflow_catch_the_wave,
          lair_entry_dummy, kennysheep_generic_room_8
Temple:   dpeg_three_leaves_temple

Skill      XL: |  1  2  3  4  5  6  7  8  9 10 |
---------------+-------------------------------+-----
Polearms       | 5 6 7 9 11 13 14 | 14.4
Fighting       | 3 4 5 6 7 8 |  8.6
Dodging        | 5 6 7 8 9 10 | 10.7
Armour         | 2 |  2.0
Invocations    | 2 |  2.9
Throwing       | |  2.0

Action                     |  1- 3 |  4- 6 |  7- 9 | 10-12 || total
---------------------------+-------+-------+-------+-------++-------
  Melee: Trident           |    63 |   143 |   220 |       ||   426
         Punch             |     1 |       |     2 |       ||     3
         Spear             |     4 |       |       |       ||     4
         Glaive            |       |       |    93 |       ||    93
         Halberd           |       |       |    60 |   159 ||   219
  Throw: Boomerang         |     8 |     6 |     4 |       ||    18
         Javelin           |     1 |     1 |     3 |       ||     5
         Throwing net      |     1 |     1 |     2 |       ||     4
         Dart              |       |       |     2 |       ||     2
  Evoke: Wand              |       |     5 |    14 |     3 ||    22
    Use: Scroll            |       |     4 |     8 |       ||    12
         Potion            |       |     2 |     1 |       ||     3
   Stab: Sleeping          |     1 |     3 |     9 |     1 ||    14
         Held in net/web   |       |     2 |     1 |       ||     3
         Paralysed         |       |       |     4 |     4 ||     8
 Armour: Leather armour    |     9 |       |    12 |    20 ||    41
         Robe              |     1 |    27 |    66 |       ||    94
  Dodge: Dodged            |    29 |    67 |   238 |    92 ||   426

Table legend: (Time is in decaauts)
 A = Elapsed time spent in this place.
 B = Non-inter-level travel time spent in this place.
 C = Inter-level travel time spent in this place.
 D = Time resting spent in this place.
 E = Time spent auto-exploring this place.
 F = Levels seen in this place.
 G = Mean time per level.
                   A        B        C        D        E       F      G
               +--------+--------+--------+--------+--------+-----+--------+
         Total |   8237 |   7951 |    286 |    350 |   5841 |  10 |  823.7 |
       Dungeon |   7731 |   7457 |    274 |    256 |   5811 |   8 |  966.4 |
        Temple |     33 |     21 |     12 |      0 |      0 |   1 |   33.0 |
       Ossuary |    471 |    471 |      0 |     94 |     30 |   1 |  471.0 |
               +--------+--------+--------+--------+--------+-----+--------+

Top non-repeatable levels by time:
     D:5: 1471 daAuts
     D:4: 1461 daAuts
     D:8: 873 daAuts
     D:2: 818 daAuts
     D:3: 802 daAuts
     D:6: 802 daAuts
     D:1: 771 daAuts
     D:7: 730 daAuts
 Ossuary: 471 daAuts
  Temple: 33 daAuts
